 Dungeon Crawl Stone Soup version 0.19-a0-1899-g2d93087 (webtiles) character file.

156803 Promi the Eclecticist (level 17, -1/89 HPs)
             Began as a Spriggan Earth Elementalist on Oct 20, 2016.
             Was a High Priest of Sif Muna.
             Slain by a merfolk
             ... wielding a +0 trident
              (12 damage)
             ... on level 4 of the Shoals.
             The game lasted 03:46:42 (45604 turns).

Promi the Eclecticist (SpEE)                       Turns: 45604, Time: 03:46:42

Health: -1/89      AC:  9    Str:  4    XL:     17   Next: 11%
Magic:  2/37       EV: 31    Int: 30    God:    Sif Muna [*****.]
Gold:   1269       SH:  0    Dex: 18    Spells: 8 memorised, 10 levels left

rFire  . . .     SeeInvis +     x - +7 short sword (elec)
rCold  . . .     Gourm    .     Z - +0 steam dragon scales
rNeg   . . .     Faith    .     (shield restricted)
rPois  .         Spirit   .     y - +1 hat
rElec  .         Reflect  .     B - +2 cloak {MR+}
rCorr  .         Harm     .     (gloves unavailable)
MR     +++..                    (boots unavailable)
Stlth  +++.......               L - amulet of regeneration
                                (no ring)
                                J - +4 ring of intelligence

@: barbed spikes, very quick
A: unfitting armour, see invisible, blink, clever 2, herbivore 3, speed 3, slow
metabolism 2
a: Blink, Divine Energy, Channel Magic, Forget Spell, Renounce Religion


You were on level 4 of the Shoals.
You worshipped Sif Muna.
Sif Muna was extremely pleased with you.
You were not hungry.

You visited 5 branches of the dungeon, and saw 26 of its levels.

You collected 2941 gold pieces.
You spent 1672 gold pieces at shops.

Inventory:

Hand Weapons
 x - a +7 short sword of electrocution (weapon)
 A - a +5 dagger of venom
 S - the +7 falchion of the Ancient Wishes {slice, rPois rN+}
   (You found it on level 3 of the Lair of Beasts)

   It inflicts extra damage upon your enemies.
   It protects you from poison.
   It protects you from negative energy.
Missiles
 b - 841 stones (quivered)
Armour
 c - a +0 troll leather armour
 y - a +1 hat (worn)
 B - a +2 cloak of magic resistance (worn)
 Z - +0 steam dragon scales (worn)
Jewellery
 e - an uncursed amulet of magic regeneration
 g - a +6 ring of strength
 k - an uncursed ring of ice
 q - a +4 ring of dexterity
 F - an uncursed ring of protection from magic
 G - an uncursed ring of poison resistance
 H - an uncursed ring of stealth
 J - a +4 ring of intelligence (left hand)
 K - an uncursed ring of protection from cold
 L - an amulet of regeneration (around neck)
 N - an uncursed ring of flight
 P - the ring of Aqupsiokh {rElec rF- MR+ SInv}
   (You bought it in a shop on level 2 of the Orcish Mines)

   [ring of protection from magic]

   It makes you vulnerable to fire.
   It insulates you from electricity.
   It affects your resistance to hostile enchantments.
   It lets you see invisible.
 X - the ring "Munas" {*Corrode +Blink rElec rF+++ AC+3}
   (You found it on level 4 of the Shoals)

   [ring of protection]

   It affects your AC (+3).
   It renders you almost immune to fire.
   It insulates you from electricity.
   It lets you blink.
   It may corrode you when you take damage.
Wands
 E - a wand of digging (9/24)
Scrolls
 f - 7 scrolls of identify
 h - 3 scrolls of fear
 n - 5 scrolls of blinking
 o - 7 scrolls of teleportation
 p - 2 scrolls of remove curse
 v - 5 scrolls of recharging
 M - a scroll of magic mapping
 W - 2 scrolls of summoning
Potions
 i - a potion of ambrosia
 l - 2 potions of haste
 r - 3 potions of curing
 t - 2 potions of might
 z - a potion of heal wounds
 D - a potion of brilliance
 I - 2 potions of invisibility
 O - 2 potions of flight
 T - 5 potions of agility
 U - a potion of magic
Books
 C - Lic Vienn's Reference Book on Sinister Arts and Attacks
   (Sif Muna gifted it to you on level 12 of the Dungeon)

   Spells                             Type                      Level
   a - Sting                          Conjuration/Poison           1
   b - Control Undead                 Necromancy                   4
   c - Agony                          Necromancy                   5
   d - Bolt of Cold                   Conjuration/Ice              6
   e - Iron Shot                      Conjuration/Earth            6
   f - Simulacrum                     Ice/Necromancy               6
   g - Lehudib's Crystal Spear        Conjuration/Earth            8
Comestibles
 d - 7 bread rations
 u - a royal jelly
 w - a slice of pizza
 Q - 2 fruits


   Skills:
 + Level 10.2 Fighting
 - Level 6.4(7.1) Short Blades
 - Level 3.3(4.6) Long Blades
 + Level 14.9 Dodging
 - Level 14.0 Stealth
 - Level 15.0 Spellcasting
 - Level 8.5 Conjurations
 - Level 8.0 Charms
 - Level 8.0 Transmutations
 - Level 7.1 Air Magic
 - Level 10.0 Earth Magic


You had 10 spell levels left.
You knew the following spells:

 Your Spells              Type           Power        Failure   Level  Hunger
b - Passwall              Tmut/Erth      ######....   1%          2    None
c - Stone Arrow           Conj/Erth      ######       1%          3    None
d - Petrify               Tmut/Erth      ######..     1%          4    None
e - Lee's Rapid Deconstr  Erth           ######....   1%          5    None
f - Deflect Missiles      Chrm/Air       ######....   17%         6    ###....
g - Lightning Bolt        Conj/Air       ######....   2%          5    None
i - Iron Shot             Conj/Erth      ######....   10%         6    ###....
j - Irradiate             Conj/Tmut      ######....   1%          5    None


Dungeon Overview and Level Annotations

Branches:
Dungeon (13/15)            Temple (1/1) D:5            Lair (6/6) D:9
 Shoals (4/4) Lair:2        Snake (0/4) Lair:4        Slime (0/5) Lair:6
    Orc (2/2) D:10            Elf (0/3) Orc:2        Vaults (0/5) D:13

Altars:
Ashenzari
Cheibriados
Dithmenos
Elyvilon
Fedhas
Gozag
Hepliaklqana
Kikubaaqudgha
Makhleb
Nemelex Xobeh
Okawaru
Qazlal
Ru
Sif Muna
Trog
Uskayaw
Vehumet
Xom
Yredelemnul
Zin
The Shining One
Beogh
Jiyva

Shops:
D:6 [   Orc:1 [   Orc:2 =[(*

Annotations:
Shoals:4 Ilsuiw


Innate Abilities, Weirdness & Mutations

You are very small and have problems with some larger weapons.
You are too small for most types of armour.
You have supernaturally acute eyesight. (SInv)
You are a herbivore.
You cover ground extremely quickly.
You need consume almost no food.
You can translocate small distances at will.
Your mind is very acute. (Int +4)


Message History

You fall into the shallow water.
Moving in this stuff is going to be slow.
The water nymph shouts!
The merfolk closely misses you.
The water nymph gestures at you while chanting.
The water swirls and strikes you!
* * * LOW HITPOINT WARNING * * *
The manticore flicks its tail.
The volley of spikes misses you.
You feel much better.
The water nymph gestures at you while chanting.
The water swirls and strikes you!
* * * LOW HITPOINT WARNING * * *
The merfolk closely misses you.
You feel much better.
The water nymph points at you and mumbles some strange words.
The water swirls and strikes you!
* * * LOW HITPOINT WARNING * * *
The merfolk hits you from afar with a trident!
You die...

≈≈≈≈≈≈≈≈≈≈≈≈≈≈≈≈≈≈≈≈≈
≈≈≈≈≈≈≈≈≈≈P≈≈≈≈≈≈≈≈≈≈≈
≈≈≈≈PP≈≈≈P≈≈≈≈≈≈≈≈≈≈≈≈
≈≈≈PPP≈PPP≈≈≈P≈≈≈≈≈≈≈≈≈
≈≈≈≈PP.P≈≈)≈≈≈≈≈≈≈≈≈≈≈≈≈
≈≈≈≈.PP≈≈≈..≈≈≈≈≈≈≈≈≈≈≈≈≈
≈≈≈.≈P≈≈≈..P≈.m≈≈≈≈≈≈≈≈≈≈
≈≈≈≈≈≈....(....≈≈≈≈≈≈≈≈≈≈≈
≈≈≈≈≈≈........@≈≈≈≈≈≈≈≈≈≈≈
≈≈≈≈≈≈....H..(.≈≈≈≈≈≈≈≈≈≈≈
≈≈≈≈≈≈≈≈..†....≈≈≈≈≈≈≈≈≈≈≈
≈≈≈≈≈≈≈≈.."...(.≈≈≈≈≈≈≈≈≈≈≈≈≈≈≈
≈≈≈≈≈.≈≈≈..≈#≈#≈≈≈≈≈≈≈≈≈≈≈≈≈≈≈.
≈...≈≈.≈#≈≈≈#≈≈≈≈≈≈≈≈≈≈≈≈≈≈.
.......#≈≈≈≈≈#.≈m≈≈≈≈≈≈≈≈≈..
.......≈≈≈≈≈≈≈.≈≈≈..≈≈≈≈≈≈≈.
.......#≈≈≈≈≈.........≈≈≈≈..


You could see a merfolk, a manticore and a water nymph.

Vanquished Creatures
  Mara (Shoals:3)
  Louise (Shoals:1)
  An orc warlord (Orc:2)
  2 merfolk javelineers (Shoals:4)
  2 fire dragons (Lair:6)
  Josephine (D:10)
  3 merfolk impalers
  5 hydras
  3 merfolk avatars
  3 vault guards (D:13)
  The ghost of slumpy the Basher, a novice OgWz of Okawaru (D:8)
  A centaur warrior (D:13)
  3 merfolk aquamancers (Shoals:3)
  2 orc high priests (Orc:2)
  Urug (Lair:3)
  12 sea snakes
  8 hill giants
  3 lindwurms
  5 orc sorcerers
  2 cyclopes
  An ugly thing (D:12)
  13 manticores
  12 elephants
  3 orc knights (Orc:2)
  7 fauns
  8 sirens
  6 black mambas
  4 water nymphs
  11 spiny frogs
  6 torpor snails (Lair:6)
  5 rime drakes
  7 komodo dragons
  A polar bear (Lair:3)
  4 wind drakes
  18 merfolk
  14 blink frogs (Lair:6)
  3 trolls
  3 tyrant leeches (Lair:6)
  2 two-headed ogres (Orc:1)
  7 slime creatures (D:13)
  10 hornets
  8 snapping turtles
  8 hippogriffs
  A spriggan (D:7)
  3 shadows
  34 yaks
  3 basilisks
  6 wraiths
  7 vampire mosquitoes
  12 water elementals
  4 wyverns
  Grum (D:9)
  2 steam dragons
  3 mottled dragons (Lair:6)
  A soldier ant (D:13)
  11 water moccasins
  2 wargs (Orc:2)
  3 nagas (Lair:4)
  13 porcupines
  A hornet zombie (D:9)
  3 ice beasts
  A phantom (D:7)
  36 orc warriors
  A swamp drake (Lair:6)
  9 ogres
  3 sky beasts
  2 necrophages
  2 black bears
  An eye of draining (D:13)
  11 wolves
  14 centaurs
  23 crocodiles
  Blork the orc (Orc:2)
  14 bullfrogs
  3 big kobolds
  The ghost of Naow the Chucker, a weakling OgHu (D:3)
  2 scorpions
  A water moccasin skeleton (D:9)
  15 killer bees
  9 wights
  8 crimson imps
  4 centaur zombies
  10 howler monkeys
  2 bullfrog zombies (D:6)
  A quasit (D:11)
  17 orc priests
  4 bullfrog skeletons
  7 hounds
  Crazy Yiuf (D:6)
  4 centaur skeletons
  35 orc wizards
  2 jellies
  13 iguanas
  6 worker ants
  Terence (D:2)
  A hound skeleton (D:10)
  A howler monkey zombie (D:9)
  Robin (D:2)
  5 gnolls
  14 adders
  A river rat (D:9)
  A shadow imp (D:11)
  An adder zombie (D:10)
  2 adder skeletons
  2 worms
  2 dart slugs (D:2)
  7 leopard geckos
  104 orcs
  8 giant cockroaches
  18 goblins
  9 hobgoblins
  5 jackals
  5 quokkas
  A ball python (D:4)
  9 bats
  10 frilled lizards
  21 kobolds
  A leopard gecko skeleton (D:5)
  A leopard gecko zombie (D:7)
  A quokka skeleton (D:4)
  4 rats
  A plant (Shoals:1)
831 creatures vanquished.

Vanquished Creatures (collateral kills)
  A basilisk (D:9)
  An iguana (D:9)
  A river rat (D:9)
3 creatures vanquished.

Vanquished Creatures (others)
  An orc (Orc:1)
  20 fungi
  42 plants
63 creatures vanquished.

Grand Total: 897 creatures vanquished

Notes
Turn   | Place    | Note
-------+----------+-------------------------------------------
     0 | D:1      | Promi the Spriggan Earth Elementalist began the quest for the Orb.
     0 | D:1      | Reached XP level 1. HP: 9/9 MP: 5/5
   219 | D:1      | Reached XP level 2. HP: 13/13 MP: 2/6
   223 | D:1      | Learned a level 2 spell: Passwall
   310 | D:1      | Reached skill level 3 in Spellcasting
   831 | D:1      | Reached XP level 3. HP: 15/17 MP: 4/8
  1286 | D:1      | Learned a level 3 spell: Stone Arrow
  1574 | D:2      | Reached skill level 1 in Fighting
  1653 | D:2      | Reached XP level 4. HP: 22/22 MP: 9/9
  1674 | D:2      | Noticed Robin
  2515 | D:2      | Noticed Terence
  3375 | D:1      | Reached XP level 5. HP: 7/25 MP: 6/11
  3898 | D:3      | Noticed Naow's ghost (weakling OgHu)
  4633 | D:3      | Reached skill level 5 in Stealth
  5109 | D:3      | Reached skill level 5 in Dodging
  5275 | D:4      | Reached skill level 4 in Spellcasting
  5275 | D:4      | Reached XP level 6. HP: 30/30 MP: 7/13
  6166 | D:4      | Reached skill level 1 in Conjurations
  6677 | D:4      | Reached skill level 1 in Short Blades
  6981 | D:4      | Learned a level 4 spell: Petrify
  7390 | D:2      | Killed Robin
  7531 | D:2      | Killed Terence
  7531 | D:2      | Reached XP level 7. HP: 35/35 MP: 1/14
  7638 | D:3      | Killed Naow's ghost
  7709 | D:5      | Entered Level 5 of the Dungeon
  7833 | D:5      | Found a staircase to the Ecumenical Temple.
  9247 | Temple   | Entered the Ecumenical Temple
  9254 | Temple   | Became a worshipper of Sif Muna the Loreminder
  9878 | D:6      | Found an iron altar of Okawaru.
 10501 | D:6      | Identified Hermeneutics 101
 10509 | D:6      | Learned a level 5 spell: Lee's Rapid Deconstruction
 10532 | D:6      | Reached XP level 8. HP: 38/39 MP: 16/16
 10730 | D:6      | Found Xeaj's Armour Shoppe.
 10733 | D:6      | Bought a +0 cloak of magic resistance for 126 gold pieces
 10752 | D:6      | Found a runed door.
 10756 | D:6      | Noticed Crazy Yiuf
 10760 | D:6      | Killed Crazy Yiuf
 10821 | D:6      | Noticed a hippogriff
 10835 | D:6      | Killed a hippogriff
 10835 | D:6      | Reached skill level 5 in Spellcasting
 11243 | D:7      | Reached * piety under Sif Muna
 11997 | D:8      | Reached XP level 9. HP: 45/45 MP: 15/18
 12162 | D:8      | Reached skill level 6 in Spellcasting
 12224 | D:8      | Noticed slumpy's ghost (novice OgWz)
 12578 | D:8      | Found a glowing golden altar of the Shining One.
 12591 | D:8      | Found a shimmering altar of Xom.
 12591 | D:8      | Found a hide-covered altar of Uskayaw.
 12610 | D:8      | Reached skill level 5 in Earth Magic
 13208 | D:9      | Found a staircase to the Lair.
 13243 | D:9      | Reached ** piety under Sif Muna
 14297 | D:9      | Noticed a cyclops
 14449 | D:9      | Reached skill level 7 in Spellcasting
 14734 | D:9      | Noticed Grum
 14797 | D:9      | Reached XP level 10. HP: 22/51 MP: 21/21
 15005 | D:9      | Killed Grum
 15338 | D:9      | Reached skill level 8 in Spellcasting
 16254 | D:9      | HP: 2/51 [poisoned by a killer bee]
 16671 | Lair:1   | Entered Level 1 of the Lair of Beasts
 16771 | Lair:1   | Noticed a spiny frog
 16825 | Lair:1   | Killed a spiny frog
 16825 | Lair:1   | Reached skill level 9 in Spellcasting
 16983 | Lair:1   | Reached *** piety under Sif Muna
 16989 | Lair:1   | Reached skill level 10 in Spellcasting
 17091 | Lair:1   | Noticed a black mamba
 17124 | Lair:1   | Killed a black mamba
 17796 | Lair:1   | Reached **** piety under Sif Muna
 18233 | Lair:2   | Noticed a spiny frog
 18282 | Lair:2   | Killed a spiny frog
 18282 | Lair:2   | Reached XP level 11. HP: 54/54 MP: 26/26
 19013 | Lair:2   | Found a staircase to the Shoals.
 19285 | Lair:2   | Reached skill level 5 in Fighting
 19774 | Lair:3   | Noticed Urug
 19791 | Lair:3   | Killed Urug
 20708 | Lair:3   | Got a fine falchion
 20710 | Lair:3   | Identified the +7 falchion of the Ancient Wishes {slice, rPois rN+} (You found it on level 3 of the Lair of Beasts)
 20731 | Lair:3   | Reached skill level 5 in Short Blades
 21800 | Lair:4   | Reached skill level 1 in Long Blades
 21900 | Lair:4   | Found a staircase to the Snake Pit.
 22925 | Lair:5   | Noticed a lindwurm
 22962 | Lair:4   | Killed a lindwurm
 22962 | Lair:4   | Reached skill level 10 in Dodging
 22962 | Lair:4   | Reached skill level 10 in Stealth
 22962 | Lair:4   | Reached XP level 12. HP: 37/63 MP: 5/27
 23090 | Lair:5   | Noticed a four-headed hydra
 23381 | Lair:5   | Killed a four-headed hydra
 23381 | Lair:5   | Reached ***** piety under Sif Muna
 23381 | Lair:5   | Reached skill level 11 in Spellcasting
 23745 | Lair:5   | Reached skill level 12 in Spellcasting
 23807 | Lair:5   | Identified Sif Muna's Handbook of Helpful Companions (Sif Muna gifted it to you on level 5 of the Lair of Beasts)
 23807 | Lair:5   | Received a gift from Sif Muna
 23816 | Lair:5   | Learned a level 6 spell: Deflect Missiles
 23989 | Lair:5   | Noticed a seven-headed hydra
 24008 | Lair:5   | Killed a seven-headed hydra
 24561 | Lair:6   | Entered Level 6 of the Lair of Beasts
 24568 | Lair:6   | Reached skill level 5 in Transmutations
 24747 | Lair:6   | Reached skill level 1 in Charms
 25079 | Lair:6   | Reached skill level 5 in Charms
 25149 | Lair:6   | Noticed a six-headed hydra
 25481 | Lair:6   | Killed a six-headed hydra
 26002 | Lair:6   | Reached skill level 13 in Spellcasting
 26036 | Lair:6   | Found a viscous altar of Jiyva.
 26036 | Lair:6   | Found a staircase to the Slime Pits.
 26040 | Lair:6   | Reached skill level 1 in Air Magic
 26264 | Lair:6   | Reached XP level 13. HP: 47/67 MP: 17/31
 27143 | Lair:6   | Noticed a fire dragon
 27475 | Lair:6   | Reached skill level 5 in Air Magic
 27924 | Lair:6   | Killed a fire dragon
 27940 | Lair:6   | Received a gift from Sif Muna
 27963 | Lair:6   | Learned a level 5 spell: Lightning Bolt
 28338 | Lair:6   | Found a runed door.
 28339 | Lair:6   | Noticed a fire dragon
 28346 | Lair:6   | Killed a fire dragon
 28677 | Lair:6   | Gained mutation: You can translocate small distances at will. [potion of mutation]
 28677 | Lair:6   | Gained mutation: Your mind is acute. (Int +2) [potion of mutation]
 28677 | Lair:6   | Gained mutation: Your mind is very acute. (Int +4) [potion of mutation]
 28681 | Lair:6   | Learned a level 2 spell: Repel Missiles
 29114 | D:10     | Entered Level 10 of the Dungeon
 29223 | D:10     | Noticed Josephine
 29611 | D:10     | Found a staircase to the Orcish Mines.
 30352 | D:10     | Killed Josephine
 31348 | D:11     | Got a bound lead amulet
 31497 | D:11     | Reached XP level 14. HP: 67/72 MP: 7/32
 32185 | D:11     | Reached skill level 14 in Spellcasting
 33200 | D:12     | Identified the amulet of Ego Ofy {Inacc rC+ Str+4} (You found it on level 11 of the Dungeon)
 33353 | D:12     | Identified Lic Vienn's Reference Book on Sinister Arts and Attacks (Sif Muna gifted it to you on level 12 of the Dungeon)
 33353 | D:12     | Received a gift from Sif Muna
 33394 | D:12     | Learned a level 6 spell: Iron Shot
 34671 | D:13     | Reached skill level 10 in Earth Magic
 35383 | D:13     | Reached skill level 5 in Conjurations
 35783 | D:13     | Found a gate to the Vaults.
 36111 | D:13     | Found a white marble altar of Elyvilon.
 36624 | Orc:1    | Entered Level 1 of the Orcish Mines
 36751 | Orc:1    | Received a gift from Sif Muna
 36759 | Orc:1    | Learned a level 5 spell: Irradiate
 37013 | Orc:1    | Found Baicho's Antique Armour Boutique.
 37300 | Orc:2    | Entered Level 2 of the Orcish Mines
 38099 | Orc:2    | Noticed Blork the orc
 38101 | Orc:2    | Killed Blork the orc
 38483 | Orc:2    | Noticed an orc warlord
 38503 | Orc:2    | Found a roughly hewn altar of Beogh.
 38508 | Orc:2    | Found Ipoud's General Store.
 39033 | Orc:2    | Killed an orc warlord
 39273 | Orc:2    | Found Vepsid's Antique Weapon Shop.
 39363 | Orc:2    | Found Qyakamn's Jewellery Shop.
 39373 | Orc:2    | Found Nicateij's Antique Armour Shop.
 39453 | Orc:2    | Found a staircase to the Elven Halls.
 39487 | Orc:2    | Bought a +4 ring of intelligence for 378 gold pieces
 39487 | Orc:2    | Bought an uncursed ring of protection from cold for 350 gold pieces
 39487 | Orc:2    | Bought an uncursed amulet of regeneration for 420 gold pieces
 39504 | Orc:2    | Bought the ring of Aqupsiokh {rElec rF- MR+ SInv} for 398 gold pieces
 40115 | D:8      | Killed slumpy's ghost
 40115 | D:8      | Reached skill level 15 in Spellcasting
 40352 | Lair:2   | Reached XP level 15. HP: 72/76 MP: 18/35
 40563 | Shoals:1 | Entered Level 1 of the Shoals
 41225 | Shoals:1 | Reached ****** piety under Sif Muna
 41229 | Shoals:1 | Noticed Louise
 41254 | Shoals:1 | Killed Louise
 41878 | Shoals:1 | Got a shimmering jade ring
 41880 | Shoals:1 | Identified the cursed ring of Helo {AC-3 Str+6} (You found it on level 1 of the Shoals)
 42117 | Shoals:2 | Received a gift from Sif Muna
 42591 | Shoals:2 | Noticed a kraken
 43042 | Shoals:3 | Noticed Mara
 43093 | Shoals:3 | Noticed Promi's illusion
 43095 | Shoals:3 | Killed Mara
 44995 | Shoals:4 | Entered Level 4 of the Shoals
 45000 | Shoals:4 | Noticed Ilsuiw
 45190 | Shoals:4 | Reached XP level 16. HP: 85/85 MP: 36/36
 45194 | Shoals:4 | Got a bound tin ring
 45219 | Shoals:3 | Identified the ring "Munas" {*Corrode +Blink rElec rF+++ AC+3} (You found it on level 4 of the Shoals)
 45239 | Shoals:4 | Reached skill level 10 in Fighting
 45299 | Shoals:4 | Reached XP level 17. HP: 89/89 MP: 37/37
 45604 | Shoals:4 | Slain by a merfolk

Vault maps used:
D:1:      scummos_arrival_hexagon, minmay_pentomino_q2
D:2:      first_bread, uniq_terence, uniq_robin
D:4:      hangedman_decor_clover_reticule, minmay_misc_feat_encased
D:5:      due_unseen_surprise
D:6:      serial_shops, kennysheep_mini, okawaru_trees_2,
          uniq_crazy_yiuf_cottage
D:7:      the_bakery
D:8:      gammafunk_temple_overflow_forgotten
D:9:      minmay_lair_entry_grove, minmay_misc_feat_cross, uniq_grum
D:10:     david_orc_2, uniq_josephine
D:12:     grunt_decor_clamped
D:13:     nicolae_whirlpool, lightli_vaults_fourway_checkpoint, elyvilon_altar_5
Temple:   nicolae_temple_no_exploring_needed
Lair:2:   minmay_shoals_entry_beasts, infiniplex_staircase_pool,
          grunt_megastairs_5
Lair:3:   grunt_forest_small_clearings, minmay_holes,
          infiniplex_staircase_pool_2, uniq_urug
Lair:4:   guppyfry_snake_entry_garden
Lair:6:   guppyfry_lair_end_dragon, wormcave, slime_altar_1
Shoals:1: uniq_louise
Shoals:3: nicolae_shoals_seven_spires, nicolae_shoals_square_sea_wall, uniq_mara
Shoals:4: shoals_end_simple, shoal_ilsuiw
Orc:1:    serial_shops, nicolae_shop_competitors_out_of_business
Orc:2:    grunt_orc_cross, nicolae_orc_lava_room

Skill      XL: |  1  2  3  4  5  6  7  8  9 10 11 12 13 14 15 16 |
---------------+-------------------------------------------------+-----
Spellcasting   | 3 4 5 7 10 13 15 | 15.0
Stealth        | 4 5 6 7 9 10 11 14 | 14.0
Fighting       | 1 2 3 4 7 9 10 | 10.2
Earth Magic    | 3 4 6 8 9 10 | 10.0
Dodging        | 4 5 7 8 10 11 14 | 14.9
Conjurations   | 1 2 3 7 8 |  8.5
Short Blades   | 2 4 6 |  6.4
Long Blades    | 3 |  3.3
Transmutations | 6 8 |  8.0
Charms         | 8 |  8.0
Air Magic      | 1 7 |  7.1

Action                   |  1- 3 |  4- 6 |  7- 9 | 10-12 | 13-15 | 16-18 || total
-------------------------+-------+-------+-------+-------+-------+-------++-------
Melee: Whip              |    49 |       |       |       |       |       ||    49
       Dagger            |    12 |   174 |   315 |   312 |   267 |       ||  1080
       Falchion          |       |       |       |    64 |       |       ||    64
       Short sword       |       |       |       |       |   472 |    29 ||   501
Throw: Stone             |       |    16 |       |     1 |       |       ||    17
 Cast: Sandblast         |    80 |   185 |   107 |     1 |       |       ||   373
       Stone Arrow       |       |    18 |    47 |    98 |    95 |     2 ||   260
       Lee's Rapid Decon |       |       |     2 |    15 |    46 |       ||    63
       Petrify           |       |       |       |    78 |   439 |    15 ||   532
       Lightning Bolt    |       |       |       |       |    17 |     1 ||    18
       Deflect Missiles  |       |       |       |       |     2 |     1 ||     3
       Iron Shot         |       |       |       |       |    22 |     5 ||    27
       Irradiate         |       |       |       |       |     8 |       ||     8
       Passwall          |       |       |       |       |     1 |       ||     1
Evoke: Wand              |       |       |       |     1 |     3 |       ||     4
  Use: Scroll            |       |    15 |     3 |    10 |    14 |     5 ||    47
       Potion            |       |     7 |     3 |     6 |     1 |     4 ||    21
 Stab: Sleeping          |     3 |    15 |    14 |    36 |    30 |     5 ||   103
       Distracted        |       |     1 |     3 |     2 |     3 |       ||     9
       Petrified         |       |       |       |    53 |   333 |    13 ||   399
       Petrifying        |       |       |       |     5 |     7 |       ||    12
  Eat: Fruit             |       |     3 |     3 |     5 |    16 |       ||    27
       Bread ration      |       |     1 |     1 |     1 |     2 |       ||     5
       Royal jelly       |       |       |     1 |       |       |       ||     1
Armor: Robe              |    12 |    14 |    21 |    12 |       |       ||    59
       Steam dragon scal |       |       |       |       |    84 |     4 ||    88
Dodge: Dodged            |   113 |   216 |   351 |   357 |   781 |    30 ||  1848
       Deflected         |       |       |       |       |    22 |     3 ||    25
       Rpst.: Falchion   |       |       |       |    19 |       |       ||    19
